[ AOE2 MATCH · #504952388 ]
UnrankedTupi vs Cumans
Player's team · LOSS
Rival team · WIN
[ REPLAY ANALYSIS · EXTRACTED FROM THE RECORDED GAME ]
Feudal
8:51
Castle
21:06
Imperial
—
| APM avg | 54.8 |
| APM peak | 88 |
| eAPM avg | 21.5 |
| Villagers / military | 100 / 3 |
Focus
⚔️ 37.3% · 🌾 62.7%
Unknown (2579) ×29 · Mangonel ×2 · Trade Cart ×2 · Unknown (2550) ×2 · Spearman ×1
Feudal
8:12
Castle
22:21
Imperial
—
| APM avg | 48.1 |
| APM peak | 97 |
| eAPM avg | 23.8 |
| Villagers / military | 137 / 57 |
Focus
⚔️ 30.4% · 🌾 69.6%
Skirmisher ×49 · Scout Cavalry ×7 · Monk ×1
Match map
Initial resources + every placement click. Lines = walls · curves = elevation contours. ◆ gold · ⬟ stone · ● berries · ✦ relic · ◌ wall gap
Your base· Open — unwalled flank
远程OB总指挥's base· Open — unwalled flank
Smoothed initial terrain · ◌ = detected wall gap · hover for details
Inputs per minute
— 边尘使 - - 远程OB总指挥
Build order — 边尘使
First 150 of 251 actions detected
| 0:01 | Queue | Villager (Male) |
| 0:01 | Queue | Villager (Male) |
| 0:01 | Queue | Villager (Male) |
| 0:02 | Queue | Villager (Male) |
| 0:02 | Build | House |
| 0:04 | Build | House |
| 1:25 | Queue | Villager (Male) |
| 1:25 | Queue | Villager (Male) |
| 1:53 | Build | Settlement |
| 2:05 | Queue | Villager (Male) |
| 2:06 | Queue | Villager (Male) |
| 2:24 | Queue | Villager (Male) |
| 2:24 | Queue | Villager (Male) |
| 3:19 | Queue | Villager (Male) |
| 3:19 | Queue | Villager (Male) |
| 3:28 | Queue | Villager (Male) |
| 3:29 | Queue | Villager (Male) |
| 3:40 | Queue | Villager (Male) |
| 3:59 | Queue | Villager (Male) |
| 4:15 | Queue | Villager (Male) |
| 4:30 | Queue | Villager (Male) |
| 4:55 | Queue | Villager (Male) |
| 5:13 | Build | Barracks |
| 5:23 | Queue | Villager (Male) |
| 5:25 | Build | House |
| 5:39 | Research | Loom |
| 6:41 | Research | Feudal Age |
| 6:53 | Build | Settlement |
| 7:04 | Queue | Unit 2550 |
| 7:09 | Queue | Unit 2550 |
| 8:00 | Build | Settlement |
| 8:36 | Queue | Villager (Male) |
| 8:51 | Age | Feudal Age |
| 8:52 | Research | Tech 1402 |
| 8:52 | Research | Tech 1402 |
| 8:55 | Queue | Villager (Male) |
| 9:06 | Research | Double-Bit Axe |
| 9:06 | Research | Double-Bit Axe |
| 9:22 | Build | House |
| 9:23 | Build | House |
| 9:26 | Queue | Villager (Male) |
| 9:42 | Queue | Villager (Male) |
| 10:04 | Queue | Villager (Male) |
| 10:42 | Build | House |
| 10:44 | Queue | Spearman |
| 10:49 | Queue | Villager (Male) |
| 11:11 | Queue | Villager (Male) |
| 11:15 | Build | Blacksmith |
| 11:19 | Build | Palisade Wall |
| 11:22 | Build | House |
| 11:24 | Build | Palisade Wall |
| 11:26 | Build | Palisade Wall |
| 11:29 | Build | Settlement |
| 11:32 | Queue | Villager (Male) |
| 11:41 | Build | Watch Tower |
| 11:44 | Queue | Villager (Male) |
| 12:03 | Build | Watch Tower |
| 12:08 | Build | Watch Tower |
| 12:11 | Queue | Villager (Male) |
| 12:26 | Build | Farm |
| 12:27 | Build | Farm |
| 12:27 | Build | Farm |
| 12:31 | Queue | Villager (Male) |
| 12:49 | Build | Farm |
| 12:52 | Build | Farm |
| 13:09 | Queue | Villager (Male) |
| 13:34 | Build | Watch Tower |
| 13:37 | Queue | Villager (Male) |
| 13:42 | Build | Farm |
| 14:10 | Queue | Villager (Male) |
| 14:10 | Queue | Villager (Male) |
| 14:20 | Build | Farm |
| 14:32 | Queue | Villager (Male) |
| 14:46 | Queue | Villager (Male) |
| 14:46 | Queue | Villager (Male) |
| 14:54 | Build | Market |
| 14:56 | Build | House |
| 14:57 | Build | House |
| 15:03 | Queue | Villager (Male) |
| 15:13 | Build | Watch Tower |
| 15:16 | Build | Watch Tower |
| 15:20 | Queue | Villager (Male) |
| 15:51 | Queue | Villager (Male) |
| 16:23 | Queue | Villager (Male) |
| 16:26 | Build | Farm |
| 16:27 | Build | Farm |
| 16:27 | Build | Farm |
| 16:28 | Build | Farm |
| 16:32 | Research | Wheelbarrow |
| 16:49 | Queue | Villager (Male) |
| 16:57 | Build | Watch Tower |
| 17:07 | Build | House |
| 17:08 | Build | House |
| 17:11 | Build | Palisade Wall |
| 17:54 | Queue | Villager (Male) |
| 17:59 | Build | House |
| 18:01 | Build | Palisade Wall |
| 18:02 | Build | Palisade Wall |
| 18:03 | Build | Palisade Wall |
| 18:04 | Build | Palisade Wall |
| 18:04 | Build | Palisade Wall |
| 18:05 | Build | Palisade Wall |
| 18:15 | Research | Castle Age |
| 18:54 | Research | Horse Collar |
| 18:56 | Research | Fletching |
| 18:57 | Research | Fletching |
| 20:04 | Research | Padded Archer Armor |
| 21:01 | Queue | Villager (Male) |
| 21:06 | Age | Castle Age |
| 21:08 | Build | Town Center |
| 21:11 | Build | Castle |
| 21:14 | Research | Bodkin Arrow |
| 21:17 | Queue | Villager (Male) |
| 21:19 | Queue | Villager (Male) |
| 21:27 | Research | Bow Saw |
| 21:27 | Research | Bow Saw |
| 21:33 | Build | House |
| 21:35 | Build | House |
| 21:45 | Queue | Villager (Male) |
| 22:11 | Build | University |
| 22:14 | Queue | Villager (Male) |
| 22:32 | Queue | Unit 2579 |
| 22:32 | Queue | Unit 2579 |
| 22:34 | Queue | Villager (Male) |
| 22:35 | Build | Stone Wall |
| 22:37 | Build | Stone Wall |
| 22:43 | Build | Settlement |
| 22:48 | Queue | Unit 2579 |
| 22:50 | Queue | Villager (Male) |
| 22:58 | Build | House |
| 22:59 | Build | House |
| 23:00 | Build | House |
| 23:10 | Queue | Villager (Male) |
| 23:13 | Build | University |
| 23:14 | Build | Stone Wall |
| 23:17 | Queue | Unit 2579 |
| 23:25 | Build | Farm |
| 23:29 | Build | Farm |
| 23:31 | Queue | Villager (Male) |
| 23:31 | Queue | Villager (Male) |
| 23:38 | Queue | Unit 2579 |
| 23:46 | Queue | Unit 2579 |
| 23:52 | Queue | Villager (Male) |
| 23:58 | Build | Farm |
| 24:06 | Build | Farm |
| 24:06 | Build | Farm |
| 24:12 | Build | Farm |
| 24:13 | Build | Farm |
| 24:15 | Queue | Villager (Male) |
| 24:15 | Queue | Villager (Male) |
Build order — 远程OB总指挥
First 150 of 363 actions detected
| 0:01 | Queue | Villager (Male) |
| 0:01 | Queue | Villager (Male) |
| 0:02 | Queue | Villager (Male) |
| 0:02 | Queue | Villager (Male) |
| 0:03 | Build | House |
| 0:04 | Build | House |
| 1:27 | Queue | Villager (Male) |
| 1:27 | Queue | Villager (Male) |
| 2:03 | Queue | Villager (Male) |
| 2:03 | Queue | Villager (Male) |
| 2:15 | Build | Lumber Camp |
| 2:25 | Queue | Villager (Male) |
| 2:45 | Build | House |
| 2:54 | Queue | Villager (Male) |
| 2:55 | Queue | Villager (Male) |
| 3:07 | Queue | Villager (Male) |
| 3:08 | Queue | Villager (Male) |
| 3:39 | Queue | Villager (Male) |
| 4:02 | Queue | Villager (Male) |
| 4:02 | Queue | Villager (Male) |
| 4:03 | Queue | Villager (Male) |
| 4:58 | Build | Mill |
| 5:23 | Research | Loom |
| 6:02 | Research | Feudal Age |
| 6:02 | Research | Feudal Age |
| 7:37 | Queue | Villager (Male) |
| 7:37 | Queue | Villager (Male) |
| 7:41 | Queue | Villager (Male) |
| 7:49 | Build | House |
| 8:12 | Age | Feudal Age |
| 8:18 | Build | Town Center |
| 8:23 | Research | Double-Bit Axe |
| 9:15 | Queue | Villager (Male) |
| 9:33 | Build | Farm |
| 9:44 | Queue | Villager (Male) |
| 9:45 | Queue | Villager (Male) |
| 9:45 | Queue | Villager (Male) |
| 10:00 | Build | House |
| 10:09 | Build | Palisade Wall |
| 10:13 | Queue | Villager (Male) |
| 10:14 | Queue | Villager (Male) |
| 10:44 | Queue | Villager (Male) |
| 10:44 | Queue | Villager (Male) |
| 10:45 | Queue | Villager (Male) |
| 10:47 | Build | Farm |
| 11:05 | Build | Palisade Wall |
| 11:07 | Build | Palisade Wall |
| 11:13 | Queue | Villager (Male) |
| 11:13 | Queue | Villager (Male) |
| 11:16 | Build | Farm |
| 11:16 | Build | Farm |
| 11:28 | Build | Farm |
| 11:44 | Build | Farm |
| 11:46 | Build | Farm |
| 11:48 | Build | Farm |
| 11:50 | Build | House |
| 11:52 | Queue | Villager (Male) |
| 12:10 | Build | Farm |
| 12:30 | Queue | Villager (Male) |
| 12:33 | Build | Farm |
| 12:33 | Build | Farm |
| 12:42 | Queue | Villager (Male) |
| 12:42 | Queue | Villager (Male) |
| 12:42 | Queue | Villager (Male) |
| 12:44 | Build | Farm |
| 13:06 | Queue | Villager (Male) |
| 13:06 | Queue | Villager (Male) |
| 13:10 | Build | House |
| 13:15 | Build | Farm |
| 13:18 | Queue | Villager (Male) |
| 13:18 | Queue | Villager (Male) |
| 13:37 | Build | House |
| 13:57 | Build | Farm |
| 14:05 | Build | House |
| 14:08 | Build | Palisade Wall |
| 14:14 | Queue | Villager (Male) |
| 14:14 | Queue | Villager (Male) |
| 14:15 | Queue | Villager (Male) |
| 14:34 | Queue | Villager (Male) |
| 14:34 | Queue | Villager (Male) |
| 14:44 | Build | House |
| 14:44 | Build | House |
| 14:51 | Build | Farm |
| 14:54 | Build | Mining Camp |
| 15:02 | Build | Watch Tower |
| 15:07 | Queue | Villager (Male) |
| 15:08 | Queue | Villager (Male) |
| 15:10 | Build | House |
| 15:38 | Queue | Villager (Male) |
| 15:38 | Queue | Villager (Male) |
| 15:48 | Queue | Villager (Male) |
| 15:49 | Queue | Villager (Male) |
| 15:51 | Build | Farm |
| 15:51 | Build | Farm |
| 16:06 | Queue | Villager (Male) |
| 16:07 | Queue | Villager (Male) |
| 16:10 | Build | Farm |
| 16:10 | Build | Farm |
| 16:11 | Build | Farm |
| 16:11 | Build | Farm |
| 16:30 | Build | Farm |
| 16:33 | Queue | Villager (Male) |
| 16:36 | Build | House |
| 16:37 | Build | House |
| 16:52 | Build | Farm |
| 17:02 | Queue | Villager (Male) |
| 17:02 | Queue | Villager (Male) |
| 17:09 | Build | Outpost |
| 17:14 | Build | Outpost |
| 17:16 | Research | Town Watch |
| 17:29 | Build | Market |
| 17:33 | Queue | Villager (Male) |
| 17:33 | Queue | Villager (Male) |
| 17:50 | Queue | Villager (Male) |
| 17:59 | Build | Palisade Wall |
| 18:04 | Build | Blacksmith |
| 18:15 | Queue | Villager (Male) |
| 18:16 | Queue | Villager (Male) |
| 18:28 | Build | House |
| 18:33 | Queue | Villager (Male) |
| 18:33 | Queue | Villager (Male) |
| 18:42 | Build | Lumber Camp |
| 18:56 | Queue | Villager (Male) |
| 19:14 | Build | Blacksmith |
| 19:22 | Build | House |
| 19:23 | Build | Palisade Wall |
| 19:32 | Queue | Villager (Male) |
| 19:41 | Research | Castle Age |
| 19:41 | Research | Castle Age |
| 19:43 | Research | Horse Collar |
| 19:43 | Research | Horse Collar |
| 19:52 | Queue | Villager (Male) |
| 20:16 | Build | Barracks |
| 20:25 | Build | Farm |
| 20:37 | Research | Wheelbarrow |
| 20:37 | Research | Wheelbarrow |
| 21:01 | Queue | Villager (Male) |
| 21:13 | Build | Stable |
| 21:14 | Build | Stable |
| 21:18 | Research | Scale Barding Armor |
| 21:18 | Research | Scale Barding Armor |
| 21:19 | Research | Forging |
| 21:27 | Build | Mill |
| 21:27 | Build | Farm |
| 21:28 | Build | Farm |
| 21:28 | Build | Farm |
| 21:28 | Build | Farm |
| 21:31 | Build | Farm |
| 21:46 | Build | Farm |
| 21:46 | Build | Farm |
Match timeline
| 5:13 | 边尘使 · first_building Barracks |
| 8:12 | 远程OB总指挥 · age_up feudal |
| 8:51 | 边尘使 · age_up feudal |
| 10:09 | 远程OB总指挥 · wall_segment Palisade Wall x3 |
| 11:05 | 远程OB总指挥 · wall_segment Palisade Wall x1 |
| 11:07 | 远程OB总指挥 · wall_segment Palisade Wall x1 |
| 11:19 | 边尘使 · wall_segment Palisade Wall x1 |
| 11:24 | 边尘使 · wall_segment Palisade Wall x4 |
| 11:26 | 边尘使 · wall_segment Palisade Wall x2 |
| 14:08 | 远程OB总指挥 · wall_segment Palisade Wall x1 |
| 17:11 | 边尘使 · wall_segment Palisade Wall x10 |
| 17:17 | 边尘使 · first_market_buy 100 food |
| 17:22 | 边尘使 · first_market_sell 100 wood |
| 17:59 | 远程OB总指挥 · wall_segment Palisade Wall x5 |
| 18:01 | 边尘使 · wall_segment Palisade Wall x1 |
| 18:02 | 边尘使 · wall_segment Palisade Wall x1 |
| 18:03 | 边尘使 · wall_segment Palisade Wall x1 |
| 18:04 | 边尘使 · wall_segment Palisade Wall x1 |
| 18:04 | 边尘使 · wall_segment Palisade Wall x1 |
| 18:05 | 边尘使 · wall_segment Palisade Wall x1 |
| 19:23 | 远程OB总指挥 · wall_segment Palisade Wall x1 |
| 20:16 | 远程OB总指挥 · first_building Barracks |
| 21:06 | 边尘使 · age_up castle |
| 21:11 | 边尘使 · first_building Castle |
| 21:13 | 远程OB总指挥 · first_building Stable |
| 22:13 | 远程OB总指挥 · first_market_sell 100 wood |
| 22:21 | 远程OB总指挥 · age_up castle |
| 22:35 | 边尘使 · wall_segment Stone Wall x1 |
| 22:37 | 边尘使 · wall_segment Stone Wall x1 |
| 23:14 | 边尘使 · wall_segment Stone Wall x7 |
| 23:37 | 远程OB总指挥 · first_building Monastery |
| 24:02 | 远程OB总指挥 · first_building Archery Range |
| 30:45 | 边尘使 · first_building Siege Workshop |
| 30:47 | 远程OB总指挥 · first_building Castle |
| 32:43 | 边尘使 · resign |
[ AI ANALYSIS · 1 CREDIT ]
What really happened in this match?
Wolo.gg analyzes every decision: build order, eco, micro, common mistakes by bracket. Personalized analysis on WhatsApp or Discord in 30 seconds.
Civ guide
Tupi
Perfil
Jugador #14025904